 Dungeon Crawl Stone Soup version 0.27-a0-417-g317cea8a3c (webtiles) character file.

Game seed: 6430138516481366777

99 Xavori the Cutter (level 4, 0/33 HPs)
             Began as an Octopode Chaos Knight on Feb 25, 2021.
             Was a Plaything of Xom.
             Killed from afar by a white imp (11 damage)
             ... with a puff of frost
             ... summoned by Xom
             ... on level 2 of the Dungeon.
             The game lasted 00:01:32 (1838 turns).

Xavori the Cutter (Octopode Chaos Knight)           Turns: 1838, Time: 00:01:34

Health: 0/33       AC:  1    Str: 11    XL:     4   Next: 72%
Magic:  13/13      EV: 13    Int: 14    God:    Xom [......]
Gold:   85         SH:  0    Dex: 12    Spells: 3/3 levels left

rFire    . . .     SeeInvis .   c - +1 dagger (venom)
rCold    . . .     Faith    .   (no shield)
rNeg     . . .     Spirit   .   (helmet restricted)
rPois    .         Reflect  .   (no amulet)
rElec    .         Harm     .   b - ring of magical power
rCorr    .         Rampage  .   (no ring)
Will     .....                  (no ring)
Stlth    ++++......             (no ring)
HPRegen  0.11/turn              (no ring)
MPRegen  0.13/turn              (no ring)
                                (no ring)
                                (no ring)

@: no status effects
A: almost no armour, stealthy swim, amphibious, 8 rings, constrict 8, camouflage
1, gelatinous body 1
a: Renounce Religion


You were on level 2 of the Dungeon.
You worshipped Xom.
You were a very special plaything of Xom.
You visited 1 branch of the dungeon, and saw 2 of its levels.

You collected 85 gold pieces.

Inventory:

Hand Weapons
 a - a +0 short sword of chaos
 c - a +1 dagger of venom (weapon)
Jewellery
 b - a ring of magical power (left tentacle)
Scrolls
 d - 2 scrolls of teleportation {unknown}
 e - a scroll of identify {unknown}
 f - a scroll of enchant armour {unknown}
 g - 2 scrolls of enchant weapon {unknown}
 h - a scroll of fog {unknown}
 i - a scroll of immolation {unknown}


   Skills:
 + Level 3.6 Fighting
 + Level 3.8 Short Blades
 + Level 2.7 Dodging
 * Level 3.2 Stealth


You had 3 spell levels left.
You didn't know any spells.
Your spell library was empty.

Dungeon Overview and Level Annotations

Branches:
Dungeon (2/15)

Altars:


Innate Abilities, Weirdness & Mutations

You cannot wear most types of armour.
You are very stealthy in the water. (Stealth+)
You are amphibious.
You can wear up to eight rings at the same time.
You can use your tentacles to constrict eight enemies at once.
Your skin changes colour to match your surroundings (Stealth+).
Your rubbery body absorbs attacks. (AC +1, EV +1)


Message History

A chaos spawn is nearby!
You closely miss the chaos spawn.
Found 24 stones.
There is an open door here.
There is a stone staircase leading down here.
The chaos spawn degenerates into a cloud of primal chaos!
You start resting.
HP restored.
You see here 24 stones.
Natasha, Servant of Life and Death comes into view.
Natasha is nearby!
Natasha is nearby!
Natasha is nearby!
You closely miss Natasha.
Natasha hisses angrily.
Your grab misses Natasha. "Let's see if it's strong enough to survive yet."
Natasha claws you!
You hit Natasha.
Natasha is poisoned.
You grab Natasha.
Natasha is lightly wounded.
You constrict Natasha, but do no damage.
Natasha mumbles some strange words.
You feel disoriented. Natasha claws you.
You hit Natasha.
Natasha looks even sicker.
Natasha is moderately wounded.
You constrict Natasha. The rat bites you but does no damage. Natasha claws you!
Unknown command.
You barely miss Natasha. You squeeze Natasha!
Natasha is almost dead.
You constrict Natasha.
The white imp hits you but does no damage.
The rat barely misses you.
You hit Natasha.
You kill Natasha!
Natasha screams in pain as she dies!
The white imp gestures at you. The puff of frost hits you!
You die... "What!?
That's it?"

##.....###.##..##.#.#.#..#
#........................#
...#.......##..##.#.#.##.# #≈
.......######...#.#.#.##.####≈##
..............#.#.#.#.#....#≈≈≈##
..............#...#.#.#..###≈≈≈≈#
#.#...........##..#.#.#..###≈≈≈≈#
#.#.........#...r≈..≈.....≈#≈.≈≈#
. #....####...≈≈@≈≈≈≈≈≈≈≈≈≈≈≈≈≈≈#
........ ....≈≈≈5≈≈≈≈≈≈≈≈≈≈≈.≈≈≈.
..###### ###≈≈≈≈≈≈≈≈≈.≈≈≈≈≈≈≈≈≈.#
.. ∆ ∆ #≈≈≈≈≈≈≈≈≈≈≈≈≈≈≈≈≈≈..#
##########≈≈≈≈#...≈.......≈.≈##
#........#≈≈≈##.#.#.......####
####.......#≈≈# #...#.......#
#.......####≈# #...#.#######
#.......# #≈ #.....########


You could see a white imp (summoned) and a rat (summoned).

Vanquished Creatures
  Natasha (twice) (D:2)
  3 gnolls (D:2)
  An adder (D:2)
  A dart slug (D:2)
  2 leopard geckos (D:2)
  A ball python (D:1)
  3 bats (D:1)
  2 giant cockroaches (D:2)
  4 hobgoblins (D:1)
  7 jackals (D:2)
  A kobold (D:1)
  3 frilled lizards
  A goblin (D:1)
  3 rats
34 creatures vanquished.

Notes
Turn   | Place    | Note
-------+----------+-------------------------------------------
     0 | D:1      | Xavori the Octopode Chaos Knight began the quest for the
                  | Orb.
     0 | D:1      | Reached XP level 1. HP: 16/16 MP: 1/1
    86 | D:1      | XOM: silly message
   301 | D:1      | Reached XP level 2. HP: 17/21 MP: 2/2
   304 | D:1      | Reached skill level 1 in Stealth
   363 | D:1      | XOM: noise
   898 | D:2      | XOM: divination: detect items
  1044 | D:2      | Reached XP level 3. HP: 25/26 MP: 3/3
  1091 | D:2      | Noticed Natasha
  1098 | D:2      | Killed Natasha
  1198 | D:2      | Reached XP level 4. HP: 14/31 MP: 4/4
  1336 | D:2      | XOM is BORED!
  1518 | D:2      | XOM: noise
  1523 | D:2      | XOM: stat loss: -1 Dex (11/12)
  1542 | D:2      | XOM: 4-stop teleportation journey
  1707 | D:2      | XOM: summons 1 hostile demon
  1708 | D:2      | Noticed a chaos spawn
  1830 | D:2      | Noticed Natasha
  1834 | D:2      | XOM: summons 2 hostile shadow creatures
  1838 | D:2      | Killed Natasha
  1838 | D:2      | Killed from afar by a white imp

Illustrated notes

Levels and vault maps discovered:
D:1:      tarquinn_simple_flora_water_c, layout_loops_ring
D:2:      layout_basic, serial_rivers, chequers_serial_rivers_large_a,
          chequers_serial_rivers_micro_a, chequers_serial_rivers_micro_b,
          chequers_serial_rivers_large_b, uniq_natasha

Skill      XL: |  1  2  3  4 |
---------------+-------------+-----
Stealth        | 1 2 3 |  3.2
Fighting       | |  3.6
Short Blades   | |  3.8
Dodging        | |  2.7

Action                   |  1- 3 |  4- 6 || total
-------------------------+-------+-------++-------
Melee: Dagger            |    40 |    26 ||    66
       Short sword       |     4 |       ||     4
       Constrict         |    13 |     9 ||    22
       Tentacles         |     8 |     3 ||    11
 Stab: Sleeping          |     7 |       ||     7
Armor: Skin              |     2 |     2 ||     4
Dodge: Dodged            |    25 |    12 ||    37

Table legend: (Time is in decaauts)
 A = Elapsed time spent in this place.
 B = Non-inter-level travel time spent in this place.
 C = Inter-level travel time spent in this place.
 D = Time resting spent in this place.
 E = Time spent auto-exploring this place.
 F = Levels seen in this place.
 G = Mean time per level.
                   A        B        C        D        E       F      G
               +--------+--------+--------+--------+--------+-----+--------+
         Total |   1825 |   1812 |     13 |    266 |   1247 |   2 |  912.5 |
       Dungeon |   1825 |   1812 |     13 |    266 |   1247 |   2 |  912.5 |
               +--------+--------+--------+--------+--------+-----+--------+

Top non-repeatable levels by time:
     D:2: 1048 daAuts
     D:1: 777 daAuts
